 Dungeon Crawl Stone Soup version 0.28-a0-1520-gc3277d3759 (webtiles) character file.

Game seed: 13323455932033945141

47 sanka the Blocker (level 3, -3/25 HPs)
             Began as a Gnoll Wanderer on Jan 17, 2022.
             Slain by a worm (7 damage)
             ... on level 2 of the Dungeon.
             The game lasted 00:02:01 (2408 turns).

sanka the Blocker (Gnoll Wanderer)                  Turns: 2408, Time: 00:02:01

Health: -3/25      AC:  6    Str:  9    XL:     3   Next: 70%
Magic:  16/16      EV: 14    Int: 11    God:
Gold:   37         SH:  7    Dex: 15    Spells: 7/7 levels left

rFire   + . .      SeeInvis .   a - +0 dagger
rCold   . . .      Faith    .   d - +0 buckler {AC+3}
rNeg    . . .      Spirit   .   c - +0 robe
rPois   .          Reflect  .   k - +1 hat
rElec   .          Harm     .   (no cloak)
rCorr   .          Rampage  .   (no gloves)
Will    .....                   (no boots)
Stlth   ++........              (no amulet)
HPRegen 0.08/turn               j - ring of magical power
MPRegen 0.15/turn               i - ring of protection from fire

@: no status effects
A: fangs 1, strong nose, distributed training
a: no special abilities


You were on level 2 of the Dungeon.
You visited 1 branch of the dungeon, and saw 2 of its levels.

You collected 37 gold pieces.


Innate Abilities, Weirdness & Mutations

You have very sharp teeth.
Your uncanny sense of smell can sniff out nearby items.
Your experience applies equally to all skills.


   Skills:
 + Level 0.9 Fighting
 + Level 0.9 Short Blades
 + Level 0.9 Long Blades
 + Level 0.9 Axes
 + Level 0.9 Maces & Flails
 + Level 0.9 Polearms
 + Level 0.9 Staves
 + Level 0.9 Slings
 + Level 0.9 Bows
 + Level 0.9 Crossbows
 + Level 0.9 Throwing
 + Level 0.9 Armour
 + Level 6.5 Dodging
 + Level 0.9 Stealth
 + Level 10.4 Shields
 + Level 0.9 Unarmed Combat
 + Level 2.8 Spellcasting
 + Level 0.6 Conjurations
 + Level 0.6 Hexes
 + Level 0.6 Summonings
 + Level 0.6 Necromancy
 + Level 0.6 Translocations
 + Level 0.6 Transmutations
 + Level 0.6 Fire Magic
 + Level 0.6 Ice Magic
 + Level 2.1 Air Magic
 + Level 0.6 Earth Magic
 + Level 0.6 Poison Magic
 + Level 1.0 Invocations
 + Level 0.9 Evocations


You had 7 spell levels left.
You didn't know any spells.
Your spell library contained the following spells:

 Spells                   Type           Power      Damage    Failure   Level
 Corpse Rot               Necr/Air       8%         N/A       26%         2
 Static Discharge         Conj/Air       4%         N/A       26%         2
 Ensorcelled Hibernation  Hex/Ice        6%         N/A       36%         2
 Passwall                 Tmut/Erth      2%         N/A       36%         2
 Swiftness                Air            6%         N/A       36%         3

Inventory:

Hand Weapons
 a - a +0 dagger (weapon)
Armour
 b - a +0 helmet
 c - a +0 robe (worn)
 d - a +0 buckler of protection (worn)
 k - a +1 hat (worn)
Jewellery
 i - a ring of protection from fire (right hand)
 j - a ring of magical power (left hand)
Scrolls
 e - a scroll of enchant armour {unknown}
 f - 3 scrolls of fear {unknown}
 h - 2 scrolls of identify {unknown}
Potions
 g - 4 potions of degeneration {unknown}
 l - a potion of heal wounds {unknown}
 m - 2 potions of magic {unknown}
 n - a potion of mutation {unknown}

Dungeon Overview and Level Annotations

Branches:
Dungeon (2/15)

Altars:

..∆ ▒.▒ ▒▒▒▒▒.÷.. ...
▒.▒ ▒.▒.. . ...▒▒▒▒.▒
▒▒▒▒▒▒.▒▒▒ ..
....>▒.▒▒▒▒......... ...
▒▒.............▒▒▒
▒...▒▒▒£.......▒▒▒▒▒....
▒.....▒.▒▒▒▒▒▒ ▒▒▒▒▒
▒.▒▒▒..▒.▒ ∆ ▒bg..▒
▒.8.▒w▒▒▒ ...▒.▒... .
▒▒▒..▒▒ .▒.▒ ▒▒▒.▒ ▒.▒
..▒


You could see a worm and a bat.


Message History

You bite the worm, but do no damage.
The worm is moderately wounded.
The bat hits you but does no damage.
You hit the worm.
The worm is heavily wounded.
The bat hits you but does no damage. You block the worm's attack.
You completely miss the worm. Your bite misses the worm.
The worm is moderately wounded.
The bat hits you but does no damage.
You hit the worm. You bite the worm, but do no damage.
The worm is heavily wounded.
The bat misses you. The worm closely misses you.
You hit the worm.
The worm is heavily wounded.
The bat misses you. You block the worm's attack.
You hit the worm.
The worm is heavily wounded.
The bat hits you.
* * * LOW HITPOINT WARNING * * *
You hit the worm but do no damage.
The worm is heavily wounded.
The bat misses you. You block the bat's attack. The worm bites you!
You die...

Action                   || total
-------------------------++-------
Melee: Dagger            ||   243
       Bite              ||    30
 Stab: Sleeping          ||     4
Armor: Robe              ||    48
Dodge: Dodged            ||   142
Block: Buckler           ||    78

Levels and vault maps discovered:
D:1:      evilmike_arrival_crescent, layout_basic, st_stairs_11
D:2:      layout_rooms, chequers_ecumenical_altar_simple, hex_tiny,
          dk_vineyard_1, minmay_misc_feat_tower, grunt_decor_one_mirror,
          minmay_crystal_room

Notes
Turn   | Place    | Note
-------+----------+-------------------------------------------
     0 | D:1      | Reached skill level 10 in Shields
     0 | D:1      | sanka the Gnoll Wanderer began the quest for the Orb.
     0 | D:1      | sanka set off with the following items: a +0 dagger, a +0
                  | helmet, a +0 robe, a +0 buckler of protection; and the
                  | following spells available to memorise: Corpse Rot, Static
                  | Discharge
     0 | D:1      | Reached XP level 1. HP: 13/13 MP: 4/4
   351 | D:1      | Reached skill level 2 in Air Magic
   356 | D:1      | Reached XP level 2. HP: 16/19 MP: 5/5
   848 | D:1      | HP: 2/20 [kobold (3)]
  1489 | D:1      | Reached XP level 3. HP: 25/25 MP: 7/7
  2123 | D:2      | Reached skill level 1 in Invocations
  2408 | D:2      | Slain by a worm

Vanquished Creatures
  An adder (D:2)
  2 dart slugs
  A bat (D:2)
  5 endoplasms (D:1)
  2 goblins (D:1)
  2 hobgoblins (D:1)
  2 jackals (D:1)
  5 kobolds
  2 quokkas (D:1)
  2 ball pythons (D:1)
  4 frilled lizards (D:1)
  5 rats
33 creatures vanquished.
